 Dungeon Crawl Stone Soup version 0.19.4-9-g45fd643 (console) character file.

190 Grinner the Twirler (level 5, -3/42 HPs)
             Began as a Minotaur Gladiator on Feb 21, 2017.
             Slain by Grinder (6 damage)
             ... while paralysed by Grinder
             ... on level 3 of the Dungeon.
             The game lasted 00:03:18 (2003 turns).

Grinner the Twirler (Minotaur Gladiator)            Turns: 2003, Time: 00:03:19

Health: -3/42      AC:  3    Str: 19    XL:     5   Next: 41%
Magic:  4/4        EV:  2    Int:  5    God:
Gold:   112        SH:  0    Dex: 12    Spells: 0 memorised, 4 levels left

rFire  . . .     SeeInvis .     a - +0 quarterstaff
rCold  . . .     Gourm    .     b - +0 leather armour
rNeg   . . .     Faith    .     (shield currently unavailable)
rPois  .         Spirit   .     c - +0 hat
rElec  .         Reflect  +     (no cloak)
rCorr  +         Harm     .     (no gloves)
MR     .....                    (no boots)
Stlth  +.........               e - +3 amulet of reflection
                                (no ring)
                                q - ring of resist corrosion

@: paralysed
A: retaliatory headbutt, horns 2
a: no special abilities


You were on level 3 of the Dungeon.
You were hungry.

You visited 1 branch of the dungeon, and saw 3 of its levels.

You collected 112 gold pieces.

Inventory:

Hand Weapons
 a - a +0 quarterstaff (weapon)
Missiles
 d - 3 throwing nets (quivered)
Armour
 b - a +0 leather armour (worn)
 c - a +0 hat (worn)
Jewellery
 e - a +3 amulet of reflection (around neck)
 q - a ring of resist corrosion (left hand)
Scrolls
 g - 2 scrolls of blinking {unknown}
 j - a scroll of remove curse {unknown}
 k - 5 scrolls of identify {unknown}
 t - a scroll of teleportation {unknown}
 u - a scroll of recharging {unknown}
 w - a scroll of magic mapping {unknown}
 x - a scroll of enchant weapon {unknown}
 y - a scroll of fog {unknown}
Potions
 h - a potion of invisibility {unknown}
 i - a potion of magic {unknown}
 l - a potion of cancellation {unknown}
 n - a potion of flight {unknown}
 o - a potion of berserk rage {unknown}
 r - 2 potions of curing
 s - a potion of resistance {unknown}
Comestibles
 f - 4 bread rations
 m - a slice of pizza
 p - 4 fruits


   Skills:
 - Level 2.4 Fighting
 + Level 6.0 Staves
 - Level 2.0 Throwing
 + Level 5.1 Dodging


You had 4 spell levels left.
You didn't know any spells.

Dungeon Overview and Level Annotations

Branches:
Dungeon (3/15)

Altars:

Annotations:
D:3 Grinder; Terence; miculber's ghost, amateur DEWn


Innate Abilities, Weirdness & Mutations

You reflexively headbutt those who attack you in melee.
You have a pair of horns on your head.


Message History

The bat barely misses you.
A worm comes into view.
The bat closely misses you. You furiously retaliate!
You headbutt the bat!
You kill the bat!
Found 8 arrows.
Grinder gestures at you. Pain shoots through your body!
Grinder gestures at you.
You suddenly lose the ability to move!
The hobgoblin hits you with a club.
You are feeling hungry.
Grinder hits you.
You writhe in agony.
The hobgoblin hits you with a club. Terence hits you but does no damage.
Grinder hits you.
You writhe in agony.
* * * LOW HITPOINT WARNING * * *
The hobgoblin hits you with a club.
* * * LOW HITPOINT WARNING * * *
Terence hits you with a falchion of holy wrath.
* * * LOW HITPOINT WARNING * * *
Grinder hits you.
You die...

#.......#.. #..........
######.......###
#............######
#.####............##
###.............##
##................#
.#####..##.......g.....#
.......####.....@5.....#
######## ####..@.w....#
#.........# ##.........
.........# #.........#
#.......(.# #.........#


You could see Grinder, Terence, a worm and a hobgoblin.

Vanquished Creatures
  Jessica (D:3)
  A gnoll (D:1)
  7 adders
  A worm (D:2)
  2 dart slugs
  2 leopard geckos (D:1)
  9 orcs
  A giant cockroach (D:2)
  15 goblins
  9 hobgoblins
  5 jackals
  4 kobolds
  2 quokkas (D:3)
  A ball python (D:3)
  4 bats
  2 frilled lizards
  4 rats
70 creatures vanquished.

Notes
Turn   | Place    | Note
-------+----------+-------------------------------------------
     0 | D:1      | Grinner the Minotaur Gladiator began the quest for the Orb.
     0 | D:1      | Reached XP level 1. HP: 18/18 MP: 0/0
   201 | D:1      | Reached skill level 4 in Staves
   201 | D:1      | Reached XP level 2. HP: 25/25 MP: 1/1
   293 | D:1      | Reached XP level 3. HP: 29/30 MP: 2/2
   810 | D:2      | Reached skill level 5 in Staves
   818 | D:2      | Reached XP level 4. HP: 37/37 MP: 3/3
  1719 | D:3      | Noticed Jessica
  1720 | D:3      | Reached XP level 5. HP: 42/42 MP: 4/4
  1730 | D:3      | Killed Jessica
  1730 | D:3      | Reached skill level 5 in Dodging
  1783 | D:3      | Noticed miculber's ghost (amateur DEWn)
  1919 | D:3      | Reached skill level 6 in Staves
  1996 | D:3      | Noticed Grinder
  1997 | D:3      | Noticed Terence
  2000 | D:3      | Paralysed by Grinder for 4 turns
  2003 | D:3      | Slain by Grinder

Skill      XL: |  1  2  3  4  5 |
---------------+----------------+-----
Staves         | 4 5 6 |  6.0
Dodging        | 4 5 |  5.1
Fighting       | |  2.4
Throwing       | |  2.0

Action                   |  1- 3 |  4- 6 || total
-------------------------+-------+-------++-------
Melee: Quarterstaff      |    56 |    72 ||   128
       Headbutt          |    14 |     5 ||    19
  Use: Potion            |       |     1 ||     1
  Eat: Chunk             |       |     3 ||     3
Armor: Leather armour    |     9 |     9 ||    18
Dodge: Dodged            |    23 |    83 ||   106
Block: Other             |     4 |    16 ||    20
